 Dungeon Crawl Stone Soup version 0.20.0-15-g7f486f2 (webtiles) character file.

170 Zachthehappycat the Cudgeler (level 5, -1/53 HPs)
             Began as a Troll Berserker on June 30, 2017.
             Was a Believer of Trog.
             Slain by Blork the orc
             ... wielding a +0 battleaxe
              (9 damage)
             ... on level 4 of the Dungeon.
             The game lasted 00:15:12 (2837 turns).

Zachthehappycat the Cudgeler (Troll Berserker)      Turns: 2837, Time: 00:15:12

Health: -1/53      AC:  5    Str: 25    XL:     5   Next: 26%
Magic:  4/4        EV: 10    Int:  3    God:    Trog [**....]
Gold:   151        SH:  0    Dex: 10    Spells: 4/4 levels left

rFire    + . .     SeeInvis .   a - +0 mace
rCold    + . .     Gourm    +   (no shield)
rNeg     . . .     Faith    .   b - +0 animal skin
rPois    .         Spirit   .   (helmet restricted)
rElec    .         Reflect  .   l - scarf {rC+ rF+}
rCorr    .         Harm     .   (gloves unavailable)
MR       ++...                  (boots unavailable)
Stlth    ++........             (no amulet)
Regen    1.6/turn               h - ring of stealth
MPRegen  0.1/turn               (no ring)

@: regenerating
A: unfitting armour, claws 3, fast metabolism 3, gourmand, regeneration 1,
shaggy fur 1, tough skin 2
a: Berserk, Trog's Hand, Burn Spellbooks, Renounce Religion


You were on level 4 of the Dungeon.
You worshipped Trog.
Trog was pleased with you.
You were very full.

You visited 1 branch of the dungeon, and saw 4 of its levels.

You collected 151 gold pieces.

Inventory:

Hand Weapons
 a - a +0 mace (weapon)
 z - a +0 blowgun
Missiles
 e - 38 poisoned needles
 n - 95 stones (quivered)
 t - 23 sling bullets
 v - 14 bolts
 y - 41 arrows
Armour
 b - a +0 animal skin (worn)
 l - a scarf of resistance (worn)
Jewellery
 h - a ring of stealth (left claw)
Scrolls
 g - 2 scrolls of remove curse {unknown}
 j - 2 scrolls of random uselessness {unknown}
 m - 2 scrolls of teleportation {unknown}
 p - a scroll of magic mapping {unknown}
 r - 9 scrolls of identify {unknown}
 s - a scroll of fear {unknown}
Potions
 d - 2 potions of curing {unknown}
 k - 3 potions of lignification {unknown}
 o - a potion of brilliance {unknown}
 q - a potion of might {unknown}
 u - 2 potions of mutation {unknown}
 x - a potion of heal wounds {unknown}
Comestibles
 c - 5 bread rations
 f - 4 fruits
 i - a royal jelly
 w - a chunk of flesh


   Skills:
 * Level 3.3 Fighting
 + Level 3.8 Maces & Flails
 + Level 3.2 Dodging
 + Level 0.9 Stealth


You had 4 spell levels left.
You didn't know any spells.

Dungeon Overview and Level Annotations

Branches:
Dungeon (4/15)
 Temple: D:4-7

Altars:
Dithmenos

Annotations:
D:4 Blork the orc


Innate Abilities, Weirdness & Mutations

You are too large for most types of armour.
You have claws for hands.
Your metabolism is lightning-fast.
You like to eat raw meat.
Your natural rate of healing is unusually fast.
You are covered in fur. (AC +1)
You have very tough skin. (AC +2)


Message History

The adder misses you.
You hit the adder.
The adder is lightly wounded.
The adder bites you but does no damage.
You sock the adder!
You kill the adder!
Trog accepts your kill.
You hear some strange, mumbled words.
A puff of flame appears from out of thin air!
The puff of flame hits you! You resist.
You closely miss something. Something hits you.
You closely miss something. Something hits you! x2
You closely miss something. Something hits you.
* * * LOW HITPOINT WARNING * * *
You closely miss something. Something hits you!
* * * LOW HITPOINT WARNING * * *
Your skin crawls.
You feel resistant to hostile enchantments.
Something hits you!
You die...

#####....... #
........##.#####.#
................
#......#..##.# #
#........#
#[#..##.<..#
##.##.##....#
#...#.###.#.# #{@#
#.#.# #...#.# #.#
# ##.##.# #.# #.
... ... . ...#....
. ##..#.# .. ...#
# #..# ##)#


There were no monsters in sight!

Vanquished Creatures
  A hound (D:4)
  5 adders
  2 oozes (D:2)
  An adder skeleton (D:4)
  4 worms
  A dart slug (D:2)
  A leopard gecko (D:1)
  An orc (D:3)
  8 bats
  4 giant cockroaches
  9 goblins
  9 hobgoblins
  3 jackals
  A quokka (D:3)
  2 ball pythons
  5 frilled lizards
  6 kobolds
  7 rats
70 creatures vanquished.

Notes
Turn   | Place    | Note
-------+----------+-------------------------------------------
     0 | D:1      | Zachthehappycat the Troll Berserker began the quest for the Orb.
     0 | D:1      | Reached XP level 1. HP: 22/22 MP: 0/0
   202 | D:1      | Reached XP level 2. HP: 29/29 MP: 1/1
   288 | D:1      | HP: 1/29 [kobold/whip (3)]
   667 | D:2      | Reached XP level 3. HP: 31/36 MP: 2/2
   745 | D:2      | Reached ** piety under Trog
   768 | D:2      | Reached XP level 4. HP: 21/44 MP: 3/3
  2356 | D:3      | Found a shadowy altar of Dithmenos.
  2821 | D:4      | Noticed Blork the orc
  2824 | D:4      | Reached XP level 5. HP: 41/53 MP: 4/4
  2837 | D:4      | Slain by Blork the orc

Skill      XL: |  1  2  3  4 |
---------------+-------------+-----
Maces & Flails | 3 |  3.8
Fighting       | 3 |  3.3
Dodging        | 3 |  3.2
Stealth        | |  0.9

Action                   |  1- 3 |  4- 6 || total
-------------------------+-------+-------++-------
Melee: Mace              |   120 |   132 ||   252
Invok: Trog's Hand       |       |     1 ||     1
 Stab: Sleeping          |     4 |       ||     4
  Eat: Chunk             |    12 |    20 ||    32
Armor: Animal skin       |    87 |    60 ||   147
Dodge: Dodged            |   150 |    65 ||   215
